 Dungeon Crawl Stone Soup version 0.31-a0-981-geadf994542 (webtiles) character file.

Game seed: 610156738342849929

4888 sammy202020 the Fighter (level 10, -14/66 HPs)
             Began as a Gargoyle Berserker on Oct 31, 2023.
             Was a Priest of Trog.
             Demolished by a two-headed ogre
             ... wielding a +0 giant spiked club
              (19 damage)
             ... on level 8 of the Dungeon.
             The game lasted 00:13:42 (7712 turns).

sammy202020 the Fighter (Gargoyle Berserker)        Turns: 7712, Time: 00:13:43

Health: -14/66     AC: 27    Str: 21    XL:     10   Next: 51%
Magic:  10/10      EV:  7    Int: 16    God:    Trog [***...]
Gold:   532        SH:  5    Dex: 11    Spells: 9/9 levels left

rFire   . . .        t - +3 flail
rCold   + . .        A - +2 buckler {AC+3}
rNeg    + . .        b - +0 plate armour
rPois   ∞            i - +0 helmet
rElec   +            (no cloak)
rCorr   +            f - +0 pair of gloves
SInv    .            (no boots)
Will    +....        (no amulet) Stlth
                     l - ring of resist corrosion
HPRegen 0.31/turn    c - ring "Bezok" {Fly rC+ Will+ Int+6}
MPRegen 0.12/turn

%: no passive effects
@: flying
A: sickness immunity, AC +7, negative energy resistance 1, electricity
resistance, torment resistance 1, petrification resistance
a: Renounce Religion, Berserk, Trog's Hand


You were on level 8 of the Dungeon.
You worshipped Trog.
Trog was most pleased with you.
You visited 1 branch of the dungeon, and saw 8 of its levels.

You collected 532 gold pieces.

Inventory:

Hand Weapons
 t - a +3 flail (weapon)
Missiles
 y - 14 poisoned darts
Armour
 b - a +0 plate armour (worn)
 f - a +0 pair of gloves (worn)
 i - a +0 helmet (worn)
 A - a +2 buckler of protection (worn)
Jewellery
 c - the ring "Bezok" (right hand) {Fly rC+ Will+ Int+6}
   (You acquired it on level 5 of the Dungeon)

   [ring of intelligence]

   Int+6:     It affects your intelligence (+6).
   rC+:       It protects you from cold.
   Will+:     It increases your willpower.
   Fly:       It grants you flight.
 l - a ring of resist corrosion (left hand)
 p - a ring of willpower
 r - a ring of protection from cold
 x - a ring of protection from fire
 z - a ring of protection from cold
 B - an amulet of magic regeneration
Wands
 s - a wand of polymorph (8) (quivered)
Scrolls
 q - a scroll of immolation
 u - a scroll of revelation
 v - a scroll of poison
 w - a scroll of torment
Potions
 a - a potion of cancellation
 d - a potion of magic
 e - a potion of heal wounds
 g - a potion of berserk rage
 h - a potion of haste
 j - 2 potions of might
 k - a potion of curing
 m - 2 potions of ambrosia
 n - a potion of enlightenment {unknown}
 o - a potion of degeneration {unknown}


   Skills:
 * Level 9.6 Fighting
 * Level 8.7 Maces & Flails
 * Level 9.0 Armour
 + Level 5.1 Dodging
 * Level 0.0 Shields


You had 9 spell levels left.
You didn't know any spells.
Your spell library was empty.

Dungeon Overview and Level Annotations

Branches:
Dungeon (8/15)             Temple (0/1) D:7
   Lair: D:8-11

Altars:
Cheibriados
Fedhas
Gozag
Hepliaklqana
Makhleb
Nemelex Xobeh
Okawaru
Qazlal
Sif Muna
Wu Jian
Yredelemnul
Zin

Shops:
D:2 (

Annotations:
D:6 1 runed translucent door


Innate Abilities, Weirdness & Mutations

You are immune to sickness and miasma.
Your stone body is resilient. (AC +7)
You are immune to poison.
You resist negative energy. (rN+)
You are resistant to electric shocks. (rElec)
You are resistant to unholy torment.
You are immune to petrification.


Message History

The two-headed ogre shouts in stereo!
You hear a shout!
A troll comes into view.
You hit the cyclops but do no damage. The cyclops hits you!
The two-headed ogre hits you with a +0 giant spiked club!
The two-headed ogre hits you but does no damage.
You sock the cyclops!
The cyclops is lightly wounded.
The cyclops barely misses you.
The two-headed ogre hits you with a +0 giant spiked club!
You block the two-headed ogre's attack.
You are too injured to fight recklessly!
You are too injured to fight recklessly!
You are too injured to fight recklessly!
You are too injured to fight recklessly!
You are too injured to fight recklessly!
You are too injured to fight recklessly!
You are too injured to fight recklessly!
You are too injured to fight recklessly!
You are too injured to fight recklessly!
You are too injured to fight recklessly!
You are too injured to fight recklessly!
You are too injured to fight recklessly!
You are too injured to fight recklessly!
You are too injured to fight recklessly!
You are too injured to fight recklessly!
You are too injured to fight recklessly!
You are too injured to fight recklessly!
You are too injured to fight recklessly!
Unknown command.
The cyclops throws a large rock.
You block the large rock.
The two-headed ogre attacks as it pursues you!
The two-headed ogre hits you with a +0 giant spiked club!
* * * LOW HITPOINT WARNING * * *
You block the two-headed ogre's attack.
The gargoyle hurls a stone arrow at you.
The stone arrow hits you!
* * * LOW HITPOINT WARNING * * *
The two-headed ogre attacks as it pursues you!
The two-headed ogre hits you with a +0 giant spiked club!!
You die...

#####).......#. ####
#.............. #..(
#.#####...##..##..
#.#.##..........#.#
#.......#..####..T#
###.###.#..####9#.....#
#.###.#.......##9##..#
#.......####O.%##). # ####...##
#@####### #)).# #.###...# #..>#
#.##....# ######## ###### #...#
#.##.#..# #.......
.....###...#####.##.#..###.......
##...............<.).))..#.......
....................#)...........
#................#....##.#.......
..(<.###...#######..####.#.......


You could see a two-headed ogre and a gargoyle.

Vanquished Creatures
  Pikel (D:5)
  A hornet (D:8)
  Grinder (D:6)
  Sigmund (D:2)
  A wraith (D:8)
  A wyvern (D:8)
  A steam dragon (D:8)
  2 water moccasins
  2 ice beasts
  3 orc warriors
  A sky beast (D:7)
  A black bear (D:6)
  2 ogres
  5 centaurs
  A lemure (D:5)
  3 kobold brigands
  3 phantoms
  Blork the orc (D:6)
  3 bullfrogs
  A necrophage (D:4)
  3 scorpions
  A wight (D:8)
  A killer bee (D:8)
  3 howler monkeys (D:7)
  A jelly (D:7)
  2 hounds
  8 orc priests
  A gnoll bouda (D:6)
  5 orc wizards
  2 iguanas
  A hound skeleton (D:4)
  Robin (D:2)
  10 gnolls
  9 adders
  2 shadow imps (D:6)
  2 white imps
  A worm (D:3)
  2 dart slugs
  26 orcs
  7 endoplasms
  4 giant cockroaches
  13 goblins
  9 hobgoblins
  4 jackals (D:1)
  5 quokkas
  3 ball pythons
  5 bats
  10 kobolds
  5 rats
181 creatures vanquished.

Notes
Turn   | Place    | Note
-------+----------+-------------------------------------------
     0 | D:1      | sammy202020 the Gargoyle Berserker began the quest for the
                  | Orb.
     0 | D:1      | Reached XP level 1. HP: 14/14 MP: 1/1
   161 | D:1      | Reached XP level 2. HP: 14/19 MP: 2/2
   580 | D:1      | Reached XP level 3. HP: 24/24 MP: 3/3
   816 | D:1      | Found a faded altar of an unknown god.
   941 | D:2      | Noticed Robin
   952 | D:2      | Killed Robin
  1124 | D:2      | Found Diackoy's Weapon Shoppe.
  1139 | D:2      | Reached ** piety under Trog
  1220 | D:2      | Reached XP level 4. HP: 21/29 MP: 4/4
  1349 | D:2      | Reached XP level 5. HP: 26/33 MP: 5/5
  1444 | D:2      | Noticed Sigmund
  1454 | D:2      | Killed Sigmund
  1455 | D:2      | Reached XP level 6. HP: 40/40 MP: 6/6
  1926 | D:3      | Reached skill level 5 in Fighting
  2298 | D:3      | Found a hazy altar of Hepliaklqana.
  2535 | D:3      | Found a shimmering blue altar of Sif Muna.
  2723 | D:3      | Found a snail-covered altar of Cheibriados.
  2931 | D:4      | Reached XP level 7. HP: 40/44 MP: 7/7
  2947 | D:4      | Found an ornate altar of the Wu Jian Council.
  2999 | D:4      | Reached skill level 5 in Maces & Flails
  3515 | D:4      | Found a burning altar of Makhleb.
  3539 | D:4      | Reached skill level 5 in Armour
  3668 | D:4      | Reached *** piety under Trog
  3834 | D:4      | Found a glowing silver altar of Zin.
  3930 | D:5      | Entered Level 5 of the Dungeon
  4212 | D:5      | Reached XP level 8. HP: 51/51 MP: 8/8
  4299 | D:5      | Noticed Pikel
  4352 | D:5      | Killed Pikel
  4811 | D:5      | Found a blossoming altar of Fedhas.
  5024 | D:5      | Identified a scroll of acquirement
  5024 | D:5      | Acquired the ring "Bezok" {Fly rC+ Will+ Int+6}
  5077 | D:6      | Found a runed translucent door.
  5083 | D:6      | Found a basalt altar of Yredelemnul.
  5128 | D:6      | Noticed Blork the orc
  5142 | D:6      | Killed Blork the orc
  5143 | D:6      | Found an opulent altar of Gozag.
  5145 | D:6      | Reached XP level 9. HP: 57/57 MP: 9/9
  5403 | D:6      | Noticed Grinder
  5416 | D:6      | Killed Grinder
  5715 | D:6      | Found an iron altar of Okawaru.
  6061 | D:7      | Found a stormy altar of Qazlal.
  6161 | D:7      | Identified the +3 robe of Buajawuh {Int+5}
  6453 | D:7      | Found a staircase to the Ecumenical Temple.
  6474 | D:7      | Found a sparkling altar of Nemelex Xobeh.
  6601 | D:7      | Reached XP level 10. HP: 61/65 MP: 10/10
  7290 | D:8      | Reached **** piety under Trog
  7315 | D:8      | Reached skill level 5 in Dodging
  7702 | D:8      | Noticed a cyclops
  7705 | D:8      | Noticed a gargoyle
  7705 | D:8      | Noticed a two-headed ogre
  7712 | D:8      | Demolished by a two-headed ogre

Illustrated notes

Levels and vault maps discovered:
D:1:      saegor_arrival_simple_d, layout_basic,
          shapermc_ecumenical_altar_petra, minmay_tetromino_l2
D:2:      cheibrodos_pilgrimage, layout_basic, serial_shops,
          nicolae_shop_bloodbath_and_beyond, nrook_mini_vaults, chequers_avenue,
          uniq_sigmund, uniq_robin
D:3:      layout_basic, mainiacjoe_overflow_six_doors_small,
          amcnicky_altar_gilded, mainiacjoe_overflow_surrounded_room
D:4:      layout_cave_pools, lemuel_tele_altar,
          mainiacjoe_overflow_tiny_flanked, makhleb_blood_cavern_becter,
          kennysheep_generic_room_14
D:5:      layout_basic, fedhas_altar_4, uniq_pikel
D:6:      layout_basic, lemuel_round_altar, marbit_many_paths,
          dk_yredelemnul_ordeal, hangedman_abyss_or_decor_stabs, uniq_grinder,
          uniq_blork_the_orc
D:7:      layout_gridville, mainiacjoe_overflow_catwalk, grunt_qazlal_sundering,
          minmay_temple_entry_grid, minmay_misc_feat_hallway, minivault_14
D:8:      minmay_bloctagon_deflated, layout_loops_cross, minmay_bent,
          uniq_maggie, uniq_psyche

Skill      XL: |  1  2  3  4  5  6  7  8  9 10 |
---------------+-------------------------------+-----
Fighting       | 4 5 6 7 8 9 |  9.6
Armour         | 3 4 5 6 8 9 |  9.0
Dodging        | 2 3 4 5 |  5.1
Maces & Flails | 4 5 6 7 8 |  8.7

Action                     |  1- 3 |  4- 6 |  7- 9 | 10-12 || total
---------------------------+-------+-------+-------+-------++-------
  Melee: Mace              |   115 |   132 |   193 |       ||   440
         Punch             |       |     2 |     8 |       ||    10
         Whip              |       |       |   218 |       ||   218
         Dire flail        |       |       |    14 |   168 ||   182
         Flail             |       |       |       |     2 ||     2
 Invoke: Berserk           |     2 |     3 |     6 |     2 ||    13
         Trog's Hand       |       |     2 |     2 |     2 ||     6
  Evoke: Wand              |       |       |       |     3 ||     3
    Use: Scroll            |       |    10 |     7 |     4 ||    21
 Armour: Animal skin       |    20 |       |       |       ||    20
         Plate armour      |    76 |   178 |   408 |   163 ||   825
         Leather armour    |     2 |       |       |       ||     2
  Dodge: Dodged            |    57 |    45 |   177 |    71 ||   350
  Block: Buckler           |       |       |       |     3 ||     3

Table legend: (Time is in decaauts)
 A = Elapsed time spent in this place.
 B = Non-inter-level travel time spent in this place.
 C = Inter-level travel time spent in this place.
 D = Time resting spent in this place.
 E = Time spent auto-exploring this place.
 F = Levels seen in this place.
 G = Mean time per level.
                   A        B        C        D        E       F      G
               +--------+--------+--------+--------+--------+-----+--------+
         Total |   7829 |   7684 |    145 |   1062 |   4909 |   8 |  978.6 |
       Dungeon |   7829 |   7684 |    145 |   1062 |   4909 |   8 |  978.6 |
               +--------+--------+--------+--------+--------+-----+--------+

Top non-repeatable levels by time:
     D:5: 1146 daAuts
     D:4: 1112 daAuts
     D:2: 1064 daAuts
     D:7: 1064 daAuts
     D:3: 983 daAuts
     D:1: 891 daAuts
     D:6: 805 daAuts
     D:8: 762 daAuts
